 Dungeon Crawl Stone Soup version 0.32-a0-909-gc671339a80 (webtiles) character file.

Game seed: 13202840614760963752

42 Viceroy the Ruffian (level 3, -3/29 HPs)
             Began as a Ghoul Gladiator on Apr 7, 2024.
             Slain by a gnoll
             ... wielding a +0 flail
              (4 damage)
             ... on level 2 of the Dungeon.
             The game lasted 00:00:56 (1511 turns).

Viceroy the Ruffian (Ghoul Gladiator)               Turns: 1511, Time: 00:00:57

Health: -3/29      AC:  4    Str: 19    XL:     3   Next: 54%
Magic:  3/3        EV: 11    Int:  7    God:
Gold:   32         SH:  0    Dex: 10    Spells: 2/2 levels left

rFire   . .          .
                       - Unarmed
rCold   + . .        (no shield)
rNeg    + + +        a - +0 leather armour
rPois   ∞            b - +0 helmet
rElec   .            (no cloak)
rCorr   .            (no gloves)
SInv    .            (no boots)
Will    .....        (no amulet) Stlth
                     (no ring)
HPRegen 0.00/turn    (no ring)
MPRegen 0.08/turn

%: no passive effects
@: silenced, inhibited regen
A: claws 1, cold resistance 1, negative energy resistance 3, inhibited
regeneration, torment resistance 2, devour on kill
a: no special abilities


You were on level 2 of the Dungeon.
You visited 1 branch of the dungeon, and saw 2 of its levels.

You collected 32 gold pieces.

Inventory:

Missiles
 c - 3 throwing nets (quivered)
 d - a javelin
 i - 6 poisoned darts
Armour
 a - a +0 leather armour (worn)
 b - a +0 helmet (worn)
Scrolls
 f - a scroll of identify
 j - a scroll of revelation
Potions
 e - 2 potions of curing {unknown}
 g - 2 potions of heal wounds {unknown}
 h - a potion of lignification {unknown}


   Skills:
 - Level 2.1 Fighting
 - Level 1.7 Throwing
 - Level 2.6 Dodging
 + Level 4.9 Unarmed Combat


You had 2 spell levels left.
You didn't know any spells.
Your spell library contained the following spells:

 Spells                   Type           Power      Damage    Failure   Level
 Maxwell's Portable Pile  Tloc           0%         2d(5-13)  86%         3
 Arcjolt                  Conj/Air       0%         1d10      100%        5
 Maxwell's Capacitive Co  Air            0%         ∞         100%        8


Dungeon Overview and Level Annotations

Branches:
Dungeon (2/15)

Altars:
Cheibriados

Shops:
D:1 [


Innate Abilities, Weirdness & Mutations

You are immune to poison.
You have sharp fingernails.
Your flesh is cold resistant. (rC+)
You are immune to negative energy. (rN+++)
You do not regenerate when monsters are visible.
You are immune to unholy pain and torment.
You thrive by killing the living.


Message History

You scratch the endoplasm. You claw the endoplasm.
You kill the endoplasm!
You open the door.
Found a robe.
No target in view! 3 gnolls come into view.
Found a viscous red potion.
The gnoll shouts! x2
There is an open door here.
There are monsters nearby!
There are monsters nearby!
You claw the gnoll!
The gnoll is severely wounded.
The gnoll hits you with a +0 club.
There are monsters nearby!
You claw the gnoll!
You kill the gnoll!
You feel better.
There are monsters nearby!
You scratch the gnoll.
The gnoll is heavily wounded.
The gnoll hits you with a +0 flail! The gnoll hits you with a +0 club.
There are monsters nearby!
You closely miss the gnoll.
The gnoll is moderately wounded.
The gnoll barely misses you. The gnoll hits you with a +0 club!
There are monsters nearby!
The gnoll attacks as it pursues you! The gnoll hits you with a +0 club.
* * * LOW HITPOINT WARNING * * *
There is an open door here.
The gnoll attacks as it pursues you! The gnoll hits you with a +0 flail.
* * * LOW HITPOINT WARNING * * *
As you read the scroll labelled MEIPICVEA, it crumbles to dust.
It is a scroll of identify.
j - a scroll of revelation The gnoll misses you.
As you read the scroll labelled QIQAEX ORALASHRE, it crumbles to dust.
A profound silence engulfs you.
It was a scroll of silence.
The gnoll hits you with a +0 flail.
You die...

.........####...###.#
.........# #....##.#
.........####...>...#
.........'.#####.####
.........#.# ###'##
.........#.# #....#
......).!#g# #....#
.........#g###....#
.........#.@..)..##
.........#########
.........# .........#
##########


You could see 2 gnolls.

Vanquished Creatures
  A gnoll (D:2)
  A dart slug (D:1)
  A ribbon worm (D:2)
  2 endoplasms
  A giant cockroach (D:1)
  3 goblins
  3 hobgoblins (D:1)
  3 kobolds
  A quokka (D:1)
  A ball python (D:2)
  4 bats (D:1)
  3 frilled lizards
  2 rats (D:1)
26 creatures vanquished.

Notes
Turn   | Place    | Note
-------+----------+-------------------------------------------
     0 | D:1      | Viceroy the Ghoul Gladiator began the quest for the Orb.
     0 | D:1      | Reached XP level 1. HP: 17/17 MP: 1/1
   367 | D:1      | Reached XP level 2. HP: 24/24 MP: 2/2
   416 | D:1      | Reached skill level 4 in Unarmed Combat
   634 | D:1      | Found Ivigei's Armour Emporium.
  1336 | D:2      | Reached XP level 3. HP: 20/29 MP: 3/3
  1462 | D:2      | Found a snail-covered altar of Cheibriados.
  1509 | D:2      | HP: 1/29 [gnoll/+0 flail (3)]
  1511 | D:2      | Slain by a gnoll

Illustrated notes

Levels and vault maps discovered:
D:1:      dpeg_arrival_round_b, layout_basic, serial_shops,
          nicolae_shop_real_fake_doors
D:2:      layout_basic, basic_altar, serial_shops, nicolae_shop_statue_plus,
          uniq_jessica

Skill      XL: |  1  2 |
---------------+-------+-----
Unarmed Combat | 4 |  4.9
Fighting       | |  2.1
Throwing       | |  1.7
Dodging        | |  2.6

Action                     || total
---------------------------++-------
  Melee: Unarmed           ||    58
         Punch             ||     2
    Use: Scroll            ||     2
 Armour: Leather armour    ||    37
  Dodge: Dodged            ||    22

Table legend: (Time is in decaauts)
 A = Elapsed time spent in this place.
 B = Non-inter-level travel time spent in this place.
 C = Inter-level travel time spent in this place.
 D = Time resting spent in this place.
 E = Time spent auto-exploring this place.
 F = Levels seen in this place.
 G = Mean time per level.
                   A        B        C        D        E       F      G
               +--------+--------+--------+--------+--------+-----+--------+
         Total |   1506 |   1380 |    126 |      0 |   1212 |   2 |  753.0 |
       Dungeon |   1506 |   1380 |    126 |      0 |   1212 |   2 |  753.0 |
               +--------+--------+--------+--------+--------+-----+--------+

Top non-repeatable levels by time:
     D:1: 1258 daAuts
     D:2: 247 daAuts
